 Dungeon Crawl Stone Soup version 0.30.0-29-ga12c61a403 (webtiles) character file.

Game seed: 8859961738178896110

221 qw the Chopper (level 5, 0/33 HPs)
             Began as a Gargoyle Fighter on June 5, 2023.
             Slain by Grinder (2 damage)
             ... while paralysed by Grinder
             ... on level 4 of the Dungeon.
             The game lasted 00:01:17 (3160 turns).

qw the Chopper (Gargoyle Fighter)                   Turns: 3160, Time: 00:01:18

Health: 0/33       AC: 15    Str: 22    XL:     5   Next: 98%
Magic:  5/5        EV:  2    Int:  8    God:
Gold:   122        SH:  0    Dex:  9    Spells: 4/4 levels left

rFire   + + .        Y - +0 war axe
rCold   . . .        c - +0 buckler
rNeg    + . .        p - +2 scale mail {rF+}
rPois   inf          b - +0 helmet
rElec   +            f - +0 cloak
rCorr   .            (no gloves)
SInv    .            (no boots)
Will    .....        (no amulet) Stlth
                     l - ring of protection from fire
HPRegen 0.25/turn    (no ring)
MPRegen 0.09/turn

%: no passive effects
@: paralysed
A: sickness immunity, AC +4, negative energy resistance 1, electricity
resistance, torment resistance 1, petrification resistance
a: no special abilities


You were on level 4 of the Dungeon.
You visited 1 branch of the dungeon, and saw 4 of its levels.

You collected 122 gold pieces.


Innate Abilities, Weirdness & Mutations

You are immune to sickness and miasma.
Your stone body is resilient. (AC +4)
You are immune to poison.
You resist negative energy. (rN+)
You are resistant to electric shocks. (rElec)
You are resistant to unholy torment.
You are immune to petrification.


   Skills:
 - Level 4.0 Fighting
 - Level 5.1 Axes
 + Level 0.2 Throwing
 - Level 3.2 Armour
 - Level 0.1 Dodging
 - Level 3.2 Shields


You had 4 spell levels left.
You didn't know any spells.
Your spell library was empty.

Inventory:

Hand Weapons
 e - a +0 flail
 Y - a +0 war axe (weapon)
Missiles
 a - a javelin (quivered)
 g - 4 boomerangs
Armour
 b - a +0 helmet (worn)
 c - a +0 buckler (worn)
 f - a +0 cloak (worn)
 p - a +2 scale mail of fire resistance (worn)
Jewellery
 l - a ring of protection from fire (left hand)
Scrolls
 k - a scroll of identify
Potions
 d - a potion of might
 i - a potion of mutation {unknown}
 j - a potion of haste {unknown}
 m - a potion of resistance {unknown}
 n - a potion of flight {unknown}
 o - a potion of heal wounds {unknown}

Dungeon Overview and Level Annotations

Branches:
Dungeon (4/15)
 Temple: D:4-7

Altars:

Annotations:
D:4 Grinder


Message History

You hit Grinder.
Grinder is moderately wounded.
Grinder gestures at you. Pain shoots through your body!
You hit Grinder but do no damage.
Grinder is moderately wounded.
Grinder gestures at you. Pain shoots through your body!
Grinder hits you but does no damage.
You barely miss Grinder.
Grinder is moderately wounded.
Grinder gestures at you. You resist with significant effort.
You hit Grinder.
Grinder is moderately wounded.
Grinder closely misses you.
You hit Grinder but do no damage.
Grinder is moderately wounded.
Grinder hits you.
You writhe in agony.
You hit Grinder but do no damage.
Grinder is moderately wounded.
Grinder hits you.
You writhe in agony.
Grinder hits you but does no damage.
You barely miss Grinder.
Grinder is moderately wounded.
Grinder blinks!
Grinder hits you but does no damage.
You barely miss Grinder.
Grinder is moderately wounded.
Grinder barely misses you.
You closely miss Grinder.
Grinder is moderately wounded.
Grinder gestures at you. Pain shoots through your body!
You hit Grinder.
Grinder is moderately wounded.
Grinder gestures at you. You resist with significant effort.
Grinder gestures at you.
You suddenly lose the ability to move!
Grinder hits you.
You writhe in agony.
You die...

#### ### #... ..#
#..# #.#
#..####.##
#..#.....#
#..#.##<)###
###.@#.##........
#..5.......######
#.####..#### #.
#..# # ...# .##.#
#. .# .# ##


You could see Grinder.

Vanquished Creatures
  A hound (D:3)
  Ijyb (D:3)
  Terence (D:2)
  2 orc wizards (D:3)
  2 adders
  A white imp (D:3)
  3 dart slugs
  A worm (D:2)
  3 orcs (D:3)
  5 ball pythons
  4 endoplasms
  A giant cockroach (D:3)
  5 goblins
  2 hobgoblins (D:1)
  5 quokkas
  8 bats
  4 frilled lizards
  4 kobolds
  9 rats
62 creatures vanquished.

Notes
Turn   | Place    | Note
-------+----------+-------------------------------------------
     0 | D:1      | qw the Gargoyle Fighter began the quest for the Orb.
     0 | D:1      | Reached XP level 1. HP: 14/14 MP: 1/1
     0 | D:1      | 0 ||| qw: Version: 0.2-a-108-gee2c290
     0 | D:1      | 0 ||| qw: Game counter: 1401
     0 | D:1      | 0 ||| qw: Always use a shield: true
     0 | D:1      | 0 ||| qw: God list: Okawaru
     0 | D:1      | 0 ||| qw: Allow faded altars: false
     0 | D:1      | 0 ||| qw: Do Orc after D:15 true
     0 | D:1      | 0 ||| qw: Do second Lair branch before Depths: true
     0 | D:1      | 0 ||| qw: Lair rune preference: random
     0 | D:1      | 0 ||| qw: Plans: Normal, Zot:1-4, Slime:5, God:TSO, Crypt,
                  | Tomb, Abyss, Pan, Hells, Win
     0 | D:1      | 0 ||| PLANNING D:1-11
   134 | D:1      | Reached skill level 2 in Axes
   188 | D:1      | Reached XP level 2. HP: 19/19 MP: 2/2
   306 | D:1      | Found a faded altar of an unknown god.
   642 | D:1      | 642 ||| Stepping ~*~*~tactically~*~*~ (hiding).
   643 | D:1      | 643 ||| Stepping ~*~*~tactically~*~*~ (hiding).
   721 | D:1      | 721 ||| Stepping ~*~*~tactically~*~*~ (stealth).
   770 | D:1      | Reached skill level 3 in Axes
   890 | D:1      | Reached XP level 3. HP: 23/23 MP: 3/3
   949 | D:1      | 949 ||| UPGRADING to ring of protection from fire.
   950 | D:1      | 950 ||| READING scroll labelled OGRAOW WORASCH.
   951 | D:1      | 951 ||| READING 3 scrolls labelled XITYADU VISEST.
   952 | D:1      | 952 ||| READING scroll labelled GOAKOM VAAHUOV.
   953 | D:1      | 953 ||| READING 2 scrolls of identify.
   953 | D:1      | 953 ||| IDENTIFYING clear potion
   954 | D:1      | 954 ||| DROPPING potion of brilliance.
  1078 | D:2      | 1078 ||| Stepping ~*~*~tactically~*~*~ (stealth).
  1160 | D:2      | 1160 ||| DROPPING +0 whip.
  1672 | D:2      | Noticed Terence
  1684 | D:2      | Killed Terence
  1685 | D:2      | Reached XP level 4. HP: 15/28 MP: 4/4
  1814 | D:2      | Reached skill level 4 in Axes
  2207 | D:2      | 2207 ||| UPGRADING to +0 cloak.
  2212 | D:2      | 2212 ||| UPGRADING to +2 scale mail of fire resistance.
  2222 | D:2      | 2222 ||| DROPPING +0 scale mail.
  2223 | D:2      | 2223 ||| DROPPING ring of wizardry.
  2224 | D:2      | 2224 ||| READING scroll labelled UTOELU JUOH.
  2225 | D:2      | 2225 ||| DRINKING 2 sedimented inky potions.
  2262 | D:3      | 2262 ||| FLEEEEING.
  2263 | D:3      | 2263 ||| FLEEEEING.
  2268 | D:3      | 2268 ||| STAIRDANCE
  2309 | D:3      | 2309 ||| Stepping ~*~*~tactically~*~*~ (hiding).
  2325 | D:3      | Reached XP level 5. HP: 31/32 MP: 5/5
  2344 | D:3      | 2344 ||| DRINKING potion of curing.
  2344 | D:3      | 2344 ||| (to cure confusion)
  2471 | D:3      | Reached skill level 5 in Axes
  2559 | D:3      | 2559 ||| Stepping ~*~*~tactically~*~*~ (hiding).
  2560 | D:3      | 2560 ||| Stepping ~*~*~tactically~*~*~ (hiding).
  2742 | D:3      | Noticed Ijyb
  2743 | D:3      | 2743 ||| Stepping ~*~*~tactically~*~*~ (hiding).
  2753 | D:3      | Killed Ijyb
  3104 | D:3      | 3104 ||| UPGRADING to +0 helmet.
  3109 | D:3      | 3109 ||| READING 2 scrolls of identify.
  3109 | D:3      | 3109 ||| IDENTIFYING glowing dark potion
  3110 | D:3      | 3110 ||| DROPPING potion of berserk rage.
  3144 | D:4      | Noticed Grinder
  3158 | D:4      | HP: 6/33 [Grinder/nerve-wracking pain (4)]
  3159 | D:4      | Paralysed by Grinder for 5 turns
  3160 | D:4      | HP: 2/33 [Grinder (5)]
  3160 | D:4      | Slain by Grinder

Levels and vault maps discovered:
D:1:      elethiomel_arrival_quiet, layout_basic,
          shapermc_ecumenical_altar_mp_ritualfount, minivault_19,
          corner_web_ring, minmay_misc_feat_alley
D:2:      layout_basic, uniq_terence
D:3:      layout_loops_ring, amcnicky_mini_corridor_feature,
          kennysheep_generic_room_11, uniq_ijyb
D:4:      layout_loops_cross, grunt_qazlal_sundering,
          mainiacjoe_overflow_divided_tiny, uniq_duvessa, uniq_sigmund,
          uniq_grinder

Skill      XL: |  1  2  3  4  5 |
---------------+----------------+-----
Axes           | 2 3 4 5 |  5.1
Fighting       | 4 |  4.0
Throwing       | |  0.2
Armour         | |  3.2
Dodging        | |  0.1
Shields        | |  3.2

Action                     |  1- 3 |  4- 6 || total
---------------------------+-------+-------++-------
  Melee: War axe           |    92 |   105 ||   197
  Throw: Javelin           |       |     5 ||     5
         Boomerang         |       |     5 ||     5
    Use: Scroll            |     4 |     2 ||     6
         Potion            |       |     2 ||     2
 Armour: Scale mail        |    39 |    51 ||    90
  Dodge: Dodged            |    48 |    43 ||    91
  Block: Buckler           |    20 |    16 ||    36

Table legend:
 A = Non-vault XP
 B = Vault XP
 C = Vault XP percentage of total XP
 D = Non-vault monster count
 E = Vault monster count
 F = Vault count percentage of total count
                 A         B        C        D         E       F
            +---------+---------+-------+---------+---------+-------
      Total |     243 |      73 |  23.1 |      59 |       3 |   4.8
            +---------+---------+-------+---------+---------+-------
        D:1 |      36 |       0 |   0.0 |      20 |       0 |   0.0
        D:2 |      32 |      36 |  52.9 |      12 |       1 |   7.7
        D:3 |     171 |      37 |  17.8 |      25 |       2 |   7.4
        D:4 |       4 |       0 |   0.0 |       2 |       0 |   0.0
            +---------+---------+-------+---------+---------+-------
